 Dungeon Crawl Stone Soup version 0.31-a0-150-g89dc3ad700 (webtiles) character file.

Game seed: 3606137031060238714

49 iguanaiguana the Sneak (level 3, 0/22 HPs)
             Began as a Deep Elf Delver on June 9, 2023.
             Succumbed to an adder's poison
             ... on level 2 of the Dungeon.
             The game lasted 00:04:49 (429 turns).

iguanaiguana the Sneak (Deep Elf Delver)             Turns: 429, Time: 00:04:49

Health: 0/22       AC:  3    Str:  9    XL:     3   Next: 53%
Magic:  4/4        EV: 12    Int: 16    God:
Gold:   0          SH:  0    Dex: 16    Spells: 2/2 levels left

rFire   . . .        a - +0 short sword
rCold   . . .        (no shield)
rNeg    . . .        b - +0 leather armour
rPois   .            (helmet restricted)
rElec   .            (no cloak)
rCorr   .            (no gloves)
SInv    .            (no boots)
Will    .....        (no amulet)
Stlth   +++          (no ring)
HPRegen 0.23/turn    (no ring)
MPRegen 0.09/turn

%: no passive effects
@: lethally poisoned (0 -> -3), hasted, very quick
A: antennae 1, claws 1, low MP 1, teleportitis 1
a: no special abilities


You were on level 2 of the Dungeon.
You visited 1 branch of the dungeon, and saw 5 of its levels.

Inventory:

Hand Weapons
 a - a +0 short sword (weapon)
Armour
 b - a +0 leather armour (worn)
Jewellery
 i - a ring of ice
Wands
 g - a wand of digging (3) {@v3}
Scrolls
 c - a scroll of fog
 e - a scroll of fear


   Skills:
 - Level 2.4 Fighting
 + Level 4.0 Short Blades
 - Level 2.4 Dodging
 - Level 6.0 Stealth


You had 2 spell levels left.
You didn't know any spells.
Your spell library contained the following spells:

 Spells                   Type           Power      Damage    Failure   Level
 Animate Dead             Necr           0%         N/A       98%         4
 Haunt                    Necr/Summ      0%         N/A       100%        7
 Infestation              Necr           0%         N/A       100%        8


Dungeon Overview and Level Annotations

Branches:
Dungeon (6/15) Zot: 26905
 Temple: D:4-7

Altars:
Xom

Shops:
D:4 *

Annotations:
D:5 exclusion: downstairs


Innate Abilities, Weirdness & Mutations

You have a pair of small antennae on your head.
You have sharp fingernails.
Your magical capacity is low. (-10% MP)
You are occasionally teleported next to monsters.


Message History

The adder is moderately wounded.
The adder bites you.
You hit the adder.
The adder is severely wounded.
The adder bites you.
* * * LOW HITPOINT WARNING * * *
You are poisoned.
The adder poisons you!
You barely miss the adder.
The adder is severely wounded.
You closely miss the adder. Your punch misses the adder.
The adder is severely wounded.
It was a potion of mutation.
You feel extremely strange.
You feel less energetic.
Your fingernails lengthen.
You feel weirdly uncertain. A pair of antennae grows on your head!
You miss the adder.
The adder is severely wounded.
The adder bites you.
* * * LOW HITPOINT WARNING * * *
You are lethally poisoned!
The adder poisons you!
You completely miss the adder.
The adder is severely wounded.
* * * LOW HITPOINT WARNING * * *
Okay, then.
As you read the scroll labelled SUFINA KALLIMU, it crumbles to dust.
You feel strangely unstable.
It was a scroll of teleportation.
* * * LOW HITPOINT WARNING * * *
You feel yourself speed up.
* * * LOW HITPOINT WARNING * * *
* * * LOW HITPOINT WARNING * * *
Your surroundings suddenly seem different.
Found a mace and a ring mail.
Found a shimmering altar of Xom.
Okay, then.
You aren't carrying any potions.
Okay, then.
As you read the scroll labelled EFFAUBBOCH, it crumbles to dust.
You feel a surge of unholy energy.
It was a scroll of torment.
You die...

........#
........#
........#
....^...#
........#
[.......#
........#
..)....@+
........#
.........
..........
........._.
............
#####.......#
##....###


There were no monsters in sight!

Vanquished Creatures
  3 adders
  A worm (D:3)
  3 dart slugs
  A bat (D:3)
  An endoplasm (D:4)
  4 goblins
  A kobold (D:3)
  A rat (D:3)
15 creatures vanquished.

Notes
Turn   | Place    | Note
-------+----------+-------------------------------------------
     0 | D:5      | iguanaiguana the Deep Elf Delver began the quest for the
                  | Orb.
     0 | D:5      | Reached XP level 1. HP: 13/13 MP: 3/3
     3 | D:6      | Noticed a hound
     7 | D:6      | Noticed a steam dragon
    36 | D:4      | Found Ihutaxtu's Assorted Antiques.
    48 | D:5      | Noticed a phantom
    82 | D:4      | Reached XP level 2. HP: 18/18 MP: 4/4
   206 | D:3      | Found a faded altar of an unknown god.
   223 | D:3      | Reached XP level 3. HP: 14/22 MP: 5/5
   422 | D:2      | Gained mutation: Your magical capacity is low. (-10% MP)
                  | [potion of mutation]
   422 | D:2      | Gained mutation: You have sharp fingernails. [potion of
                  | mutation]
   422 | D:2      | Gained mutation: You are occasionally teleported next to
                  | monsters. [potion of mutation]
   422 | D:2      | Gained mutation: You have a pair of small antennae on your
                  | head. [potion of mutation]
   426 | D:2      | HP: 1/22 [poisoned by an adder]
   428 | D:2      | Found a shimmering altar of Xom.
   429 | D:2      | Succumbed to an adder's poison

Illustrated notes

Levels and vault maps discovered:
D:2:      layout_basic, basic_altar, glass_columns_a, uniq_crazy_yiuf_cottage
D:3:      layout_basic, tso_altar, nicolae_ru_sacrificial_ziggurat,
          ebering_ecumenical_altar_petrified, uniq_sigmund, uniq_natasha
D:4:      layout_loops_corners, nicolae_uskayaw_dance_hall,
          gammafunk_ghost_split, serial_shops, shop, shop,
          nicolae_take_the_stairs, shop, minivault_1
D:5:      layout_gridville, nicolae_figureground_pulse
D:6:      layout_layer_cave, zin_scriptorium, minmay_temple_entry_purple_smoke,
          nicolae_kite_square_tiling_tiny, uniq_menkaure, uniq_edmund

Skill      XL: |  1  2  3 |
---------------+----------+-----
Short Blades   | 3 4 |  4.0
Fighting       | |  2.4
Dodging        | |  2.4
Stealth        | |  6.0

Action                     || total
---------------------------++-------
  Melee: Short sword       ||    92
         Punch             ||     1
    Use: Scroll            ||     3
         Potion            ||     4
   Stab: Sleeping          ||     2
         Invisible         ||     2
 Armour: Leather armour    ||    15
  Dodge: Dodged            ||    46

Table legend: (Time is in decaauts)
 A = Elapsed time spent in this place.
 B = Non-inter-level travel time spent in this place.
 C = Inter-level travel time spent in this place.
 D = Time resting spent in this place.
 E = Time spent auto-exploring this place.
 F = Levels seen in this place.
 G = Mean time per level.
                   A        B        C        D        E       F      G
               +--------+--------+--------+--------+--------+-----+--------+
         Total |    393 |    393 |      0 |     47 |     80 |   5 |   78.6 |
       Dungeon |    393 |    393 |      0 |     47 |     80 |   5 |   78.6 |
               +--------+--------+--------+--------+--------+-----+--------+

Top non-repeatable levels by time:
     D:3: 137 daAuts
     D:2: 94 daAuts
     D:4: 88 daAuts
     D:5: 65 daAuts
     D:6: 8 daAuts
